 Dungeon Crawl Stone Soup version 0.25.0-33-gff14898491 (webtiles) character file.

Game seed: 13925181680889125238

126251 Aviak the Warrior (level 16, -7/122 HPs)
             Began as a Demonspawn Ice Elementalist on July 6, 2020.
             Was a High Priest of Vehumet.
             Mangled by an alligator (8 damage)
             ... on level 2 of the Swamp on July 7, 2020.
             The game lasted 01:10:03 (38837 turns).

Aviak the Warrior (Demonspawn Ice Elementalist)    Turns: 38837, Time: 01:10:04

Health: -7/122     AC:  9    Str: 13    XL:     16   Next: 43%
Magic:  34/34      EV: 28    Int: 25    God:    Vehumet [*****.]
Gold:   1029       SH:  0    Dex: 16    Spells: 10/37 levels left

rFire    + + .     SeeInvis .   T - +8 falchion of Bokaulobb {flame, rElec}
rCold    + . .     Gourm    .   W - +2 buckler
rNeg     + . .     Faith    .   M - +2 leather armour {rF+}
rPois    +         Spirit   .   (helmet unavailable)
rElec    +         Reflect  +   n - +0 cloak
rCorr    +         Harm     .   g - +0 pair of gloves
MR       +....                  p - +1 pair of boots
Stlth    ++........             X - amulet "Hicosem" {Reflect Str+4 Int+2 SH+5}
HPRegen  0.30/turn              E - +4 ring of evasion
MPRegen  0.24/turn              P - ring of poison resistance (curse)

@: confused, mighty, agile, resistant, marked, slightly contaminated, hasted and
slowed, lightly drained, invisible, very slow
A: hooves 1, horns 3, large bone plates 2, agile 1, frail 1, high mp 1, negative
energy resistance 1, nightstalker 2, powered by pain 2, evolution 1
a: Renounce Religion


You were on level 2 of the Swamp.
You worshipped Vehumet.
Vehumet was extremely pleased with you.
You were not hungry.

You visited 5 branches of the dungeon, and saw 26 of its levels.
You visited the Abyss 1 time.
You also visited: Volcano.

You collected 2679 gold pieces.
You spent 1650 gold pieces at shops.

Inventory:

Hand Weapons
 m - a +2 double sword of holy wrath
 T - the +8 falchion of Bokaulobb (weapon) {flame, rElec}
   (You bought it in a shop on level 2 of the Orcish Mines)

   It has been specially enchanted to burn those struck by it, causing extra
   injury to most foes and up to half again as much damage against particularly
   susceptible opponents.
   Big, fiery blades are also staple armaments of hydra-hunters.
   It insulates you from electricity.
Armour
 g - a +0 pair of gloves (worn)
 n - a +0 cloak (worn)
 p - a +1 pair of boots (worn)
 K - +0 steam dragon scales
 M - a +2 leather armour of fire resistance (worn)
 W - a +2 buckler (worn)
 Y - a +0 kite shield
Magical Staves
 Q - an uncursed staff of conjuration {!a}
Jewellery
 j - a +6 ring of intelligence
 C - an uncursed ring of protection from cold
 E - a +4 ring of evasion (left hand)
 L - an uncursed ring of magical power
 P - a cursed ring of poison resistance (right hand)
 R - an uncursed amulet of the acrobat
 X - the amulet "Hicosem" (around neck) {Reflect Str+4 Int+2 SH+5}
   (You acquired it on level 14 of the Dungeon)

   [amulet of reflection]

   It shields you and reflects attacks.
   It affects your strength (+4).
   It affects your intelligence (+2).
   It affects your SH (+5).
Wands
 x - a wand of paralysis (12)
 y - a wand of clouds (4)
 z - a wand of acid (19)
 A - a wand of iceblast (23)
 B - a wand of enslavement (31)
 G - a wand of polymorph (34)
 J - a wand of flame (10)
Scrolls
 b - 5 scrolls of magic mapping
 d - 6 scrolls of enchant armour
 e - 2 scrolls of enchant weapon
 i - 4 scrolls of identify
 k - 4 scrolls of immolation
 o - 5 scrolls of amnesia
 r - 13 scrolls of remove curse
 s - a scroll of summoning {!r}
 t - 8 scrolls of teleportation
 I - 3 scrolls of fog
 S - 7 scrolls of fear
 V - a scroll of torment {!r}
Potions
 a - a potion of mutation {!q}
 f - 2 potions of haste
 l - 3 potions of cancellation
 q - 2 potions of lignification {!q}
 v - 4 potions of invisibility
 w - 2 potions of ambrosia
 F - 3 potions of berserk rage
 H - 4 potions of might
 N - a potion of resistance
 O - a potion of flight
 Z - a potion of stabbing
Miscellaneous
 h - a lightning rod (4/4)
Comestibles
 u - 26 rations


   Skills:
 - Level 15.0(14.8) Fighting
 + Level 9.0(8.9) Long Blades
   Level 2.0(1.8) Maces & Flails
 - Level 2.0(1.8) Armour
 - Level 11.0(10.8) Dodging
 - Level 1.7(1.6) Stealth
 + Level 7.5(7.4) Shields
 - Level 11.2(11.1) Spellcasting
 - Level 8.0(7.8) Conjurations
 - Level 5.0(4.8) Transmutations
 - Level 7.0(6.8) Fire Magic
 - Level 6.0(5.8) Ice Magic
 - Level 6.0(5.8) Earth Magic
 - Level 4.0(3.8) Evocations


You had 10 spell levels left.
You knew the following spells:

 Your Spells              Type           Power        Failure   Level  Hunger
a - Freeze                Ice            ####         1%          1    None
b - Frozen Ramparts       Ice            #####.       1%          3    None
c - Ozocubu's Armour      Chrm/Ice       ####....     4%          3    None
d - Hailstorm             Conj/Ice       #####...     1%          4    None
e - Irradiate             Conj/Tmut      #####.....   3%          5    ####...
f - Starburst             Conj/Fire      ######....   11%         6    #####..
q - Bolt of Magma         Conj/Fire/Erth #####.....   2%          5    ####...

Your spell library contained the following spells:

 Spells                   Type           Power        Failure   Level  Hunger
 Conjure Ball Lightning   Conj/Air       ####......   38%         6    #####..
 Beastly Appendage        Tmut           #####.       1%          1    None
 Sandblast                Erth           #####.       1%          1    None
 Sting                    Tmut/Pois      ####         1%          1    None
 Passwall                 Tmut/Erth      #####...     1%          2    None
 Sticks to Snakes         Tmut           #####...     1%          2    None
 Ignite Poison            Fire/Tmut/Pois ####....     1%          3    None
 Mephitic Cloud           Conj/Pois/Air  ####....     1%          3    None
 Stone Arrow              Conj/Erth      #####.       1%          3    None
 Lee's Rapid Deconstruct  Erth           #####.....   4%          5    ####...
 Spider Form              Tmut/Pois      ####......   6%          3    None
 Ice Form                 Ice/Tmut       #####...     6%          4    None
 Petrify                  Tmut/Erth      #####...     6%          4    None
 Poisonous Vapours        Pois/Air       ##....       9%          2    None
 Iskenderun's Battlesphe  Conj/Chrm      ####....     9%          5    ####...
 Iron Shot                Conj/Erth      #####.....   13%         6    #####..
 Olgreb's Toxic Radiance  Pois           ##......     16%         4    None
 Yara's Violent Unravell  Hex/Tmut       ####......   16%         5    ####...
 Summon Ice Beast         Ice/Summ       ####....     17%         4    None
 Blade Hands              Tmut           #####.....   22%         5    ####...
 Orb of Destruction       Conj           ######....   41%         7    #######
 Cause Fear               Hex            ##........   50%         4    None
 Statue Form              Tmut/Erth      #####....    67%         6    #####..
 Hydra Form               Tmut           #####.....   75%         6    #####..
 Silence                  Hex/Air        ##........   83%         5    ####...
 Spellforged Servitor     Conj/Summ      ####......   90%         7    #######
 Dragon Form              Tmut           #####.....   100%        7    #######
 Discord                  Hex            ##........   100%        8    #######


Dungeon Overview and Level Annotations

Branches:
Dungeon (15/15)            Temple (1/1) D:5            Lair (6/6) D:10
  Swamp (1/4) Lair:2        Snake (0/4) Lair:2        Slime (0/5) Lair:5
    Orc (2/2) D:11            Elf (0/3) Orc:2        Vaults (0/5) D:14
 Depths (0/5) D:15        Volcano (visited)

Altars:
Ashenzari
Cheibriados
Nemelex Xobeh
Okawaru
Qazlal
Trog
Uskayaw
Vehumet
Xom
Yredelemnul
Zin
The Shining One
Beogh
Jiyva

Shops:
D:11 (   D:13 :   Orc:2 (%(*

Annotations:
D:3 1 runed translucent door


Innate Abilities, Weirdness & Mutations

You have a pair of large horns on your head.
You are mostly covered in large bone plates. (SH +6)
You resist negative energy. (rN+)
You are significantly more attuned to the shadows.
You sometimes gain power by taking damage.
You have large cloven feet.
You are agile. (Dex +2)
You are frail. (-10% HP)
You have an increased reservoir of magic. (+10% MP)
You evolve.


Message History

* * * LOW HITPOINT WARNING * * *
Unknown command.
Unknown command.
Unknown command.
Okay, then.
You closely miss the alligator.
You are engulfed in spectral mist.
A swamp worm comes into view.
The alligator completely misses you. The alligator tail-slaps you.
* * * LOW HITPOINT WARNING * * *
The spiny frog is engulfed in spectral mist.
The spectral swamp dragon completely misses you.
The spectral swamp dragon misses you. The spectral swamp dragon tramples you.
* * * LOW HITPOINT WARNING * * *
You partially resist.
You feel drained.
The ghost crab breathes spectral mist at you.
The spectral mist engulfs the spiny frog but does no damage.
The alligator bites you!
* * * LOW HITPOINT WARNING * * *
The alligator tail-slaps you!
You die...

≈≈. ♣≈♣♣
♣♣n.♣
♣≈≈.♣
♣♣twZ♣
♣.≈@n♣
♣.tZ♣Ff..
♣≈.≈wF
.≈.
♣.≈.≈§§t
○.
♣≈♣♣..i§§
. ♣.
..≈...w


You could see a thorn hunter, 2 alligators, a tyrant leech, a ghost crab, a
spriggan druid, a spectral alligator (summoned), a spectral swamp dragon
(summoned), 2 bog bodies, 2 spiny frogs and 2 swamp worms.

Vanquished Creatures
  Jorgrun (D:12)
  Gastronok (D:12)
  Frances (D:13)
  2 thorn hunters (Swamp:2)
  2 fire giants (D:14)
  The ghost of Rastanax the Cleaver, a journeyman MiFi of Qazlal (Lair:6)
  A fire dragon (D:14)
  Erolcha (D:9)
  Fannar (D:12)
  Harold (Orc:1)
  An ice dragon (D:13)
  2 catoblepae
  8 hydras
  2 centaur warriors
  A ghost crab (Swamp:2)
  2 alligators (Swamp:1)
  2 dancing weapons (D:14)
  4 ogre magi
  17 two-headed ogres
  Urug (D:12)
  2 orc high priests
  Sonja (Lair:2)
  A fire crab (D:14)
  5 skeletal warriors
  2 unseen horrors (D:15)
  2 deep trolls (Orc:2)
  A lindwurm (Lair:3)
  A wizard (D:15)
  Pikel (D:4)
  2 swamp dragons (Swamp:1)
  2 orc knights
  3 anaconda skeletons (Volcano)
  2 deep elf magi
  4 manticores
  4 cyclopes
  10 elephants
  2 naga magi (D:15)
  Joseph (D:9)
  13 ugly things
  2 centaur zombies (D:13)
  Maurice (D:13)
  6 gargoyles
  7 spiny frogs
  3 black mambas
  2 torpor snails
  An efreet (D:13)
  A spiny frog (shapeshifter) (D:15)
  Maggie (D:7)
  2 rime drakes
  3 yaktaurs (D:15)
  A tengu conjurer (D:14)
  A freezing wraith (D:15)
  A redback zombie (D:15)
  7 komodo dragons
  A queen bee (D:8)
  13 trolls
  7 polar bears
  A harpy skeleton (Volcano)
  3 tyrant leeches
  9 blink frogs (Lair:4)
  8 hornets
  10 slime creatures
  11 hippogriffs
  2 bog bodies (Swamp:2)
  A raiju (shapeshifter) (D:14)
  4 dream sheep
  A shadow (D:14)
  15 spriggans
  2 flying skulls (Volcano)
  3 wyverns
  2 wraiths
  2 vampires
  78 yaks
  5 basilisks
  6 vampire mosquitoes
  3 hungry ghosts
  3 wargs (Orc:1)
  Menkaure (D:7)
  2 soldier ants
  4 insubstantial wisps (Lair:2)
  3 swamp worms
  15 water moccasins
  A hornet zombie (D:12)
  4 ice beasts
  4 swamp drakes
  5 porcupines
  17 orc warriors
  2 slaves (D:4)
  3 eyes of draining
  2 phantoms
  5 black bears
  6 sky beasts
  34 ogres
  10 centaurs
  4 boggarts (Lair:6)
  9 crocodiles
  23 wolves
  2 big kobolds (D:10)
  20 bullfrogs
  5 scorpions
  14 killer bees (D:8)
  4 troll skeletons (Volcano)
  9 wights
  An electric eel (Lair:6)
  9 howler monkeys
  7 crimson imps
  2 bullfrog zombies
  6 jellies
  4 hounds
  15 orc priests
  2 centaur skeletons
  4 bullfrog skeletons
  11 iguanas
  14 orc wizards
  Natasha (thrice) (D:4)
  8 worker ants
  3 naga skeletons (Volcano)
  A hound skeleton (D:6)
  2 howler monkey zombies
  4 gnolls (D:6)
  20 adders
  4 shadow imps
  An ooze (D:4)
  An adder zombie (D:6)
  An adder skeleton (D:7)
  A worm (D:4)
  2 dart slugs
  3 leopard geckos
  95 orcs
  4 giant cockroaches
  5 goblins
  5 hobgoblins
  15 jackals
  5 quokkas
  2 ball pythons (D:4)
  13 bats
  3 frilled lizards
  12 kobolds
  A quokka zombie (D:8)
  8 rats
845 creatures vanquished.

Vanquished Creatures (others)
  An alligator (Swamp:2)
  A deep elf mage (D:14)
  A flying skull (Volcano)
  Sigmund (D:4)
  A slave (D:4)
  14 fungi
  7 plants
26 creatures vanquished.

Grand Total: 871 creatures vanquished

Notes
Turn   | Place    | Note
-------+----------+-------------------------------------------
     0 | D:1      | Aviak the Demonspawn Ice Elementalist began the quest for
                  | the Orb.
     0 | D:1      | Reached XP level 1. HP: 13/13 MP: 3/3
   352 | D:1      | Gained mutation: You sometimes gain a little power by
                  | taking damage. [demonic ancestry]
   352 | D:1      | Reached XP level 2. HP: 10/20 MP: 1/5
   403 | D:1      | Reached skill level 1 in Fighting
  1048 | D:2      | Found a bloodstained altar of Trog.
  1048 | D:2      | Found a shattered altar of Ashenzari.
  1051 | D:2      | Found a shimmering altar of Xom.
  1052 | D:2      | Found an iron altar of Okawaru.
  1260 | D:2      | Gained mutation: You are slightly more attuned to the
                  | shadows. [demonic ancestry]
  1260 | D:2      | Reached XP level 3. HP: 26/26 MP: 3/6
  1297 | D:2      | Found a sparkling altar of Nemelex Xobeh.
  2021 | D:3      | Learned a level 3 spell: Frozen Ramparts
  2104 | D:3      | Reached skill level 2 in Fighting
  2104 | D:3      | Gained mutation: You are significantly more attuned to the
                  | shadows. [demonic ancestry]
  2104 | D:3      | Reached XP level 4. HP: 24/33 MP: 4/8
  2308 | D:3      | Reached skill level 1 in Shields
  2501 | D:3      | Found a runed translucent door.
  2501 | D:3      | Noticed a human
  2509 | D:3      | Found a basalt altar of Yredelemnul.
  2806 | D:4      | Noticed Sigmund
  2807 | D:4      | Noticed a slave
  2807 | D:4      | Noticed Natasha
  2888 | D:4      | Noticed a slave
  2888 | D:4      | Noticed a slave
  2901 | D:4      | Gained mutation: You sometimes gain power by taking damage.
                  | [demonic ancestry]
  2901 | D:4      | Reached XP level 5. HP: 27/39 MP: 5/9
  2902 | D:4      | Killed a slave
  2904 | D:4      | Killed a slave
  3007 | D:4      | Noticed Pikel
  3030 | D:4      | Noticed a slave
  3043 | D:4      | Killed Pikel
  3043 | D:4      | Reached skill level 4 in Fighting
  3043 | D:4      | Reached skill level 5 in Ice Magic
  3043 | D:4      | Gained mutation: You are partially covered in large bone
                  | plates. (SH +4) [demonic ancestry]
  3043 | D:4      | Reached XP level 6. HP: 38/48 MP: 0/10
  3043 | D:4      | Gained mutation: You have a pair of small horns on your
                  | head. [demonic ancestry]
  3043 | D:4      | Reached XP level 7. HP: 43/54 MP: 0/11
  3138 | D:4      | Noticed a hornet
  3138 | D:4      | a freed slave changed into a hornet
  3139 | D:4      | Killed Sigmund
  3187 | D:4      | Killed Natasha
  3344 | D:4      | Noticed Natasha
  3351 | D:4      | Found Zin's Purification Station.
  3351 | D:4      | Found a glowing silver altar of Zin.
  3353 | D:4      | Killed Natasha
  3353 | D:4      | Reached skill level 5 in Fighting
  3428 | D:4      | Bought a potion of curing for 90 gold pieces
  3432 | D:4      | Learned a level 3 spell: Ozocubu's Armour
  3671 | D:4      | Noticed Natasha
  3672 | D:4      | Gained mutation: You have a pair of horns on your head.
                  | [demonic ancestry]
  3672 | D:4      | Reached XP level 8. HP: 62/62 MP: 12/12
  3681 | D:4      | Killed Natasha
  3830 | D:4      | Reached skill level 1 in Maces & Flails
  3873 | D:5      | Entered Level 5 of the Dungeon
  4458 | D:5      | Found a staircase to the Ecumenical Temple.
  4754 | Temple   | Entered the Ecumenical Temple
  4787 | Temple   | Became a worshipper of Vehumet
  4856 | D:6      | Reached skill level 6 in Fighting
  5757 | D:6      | Reached * piety under Vehumet
  5757 | D:6      | Offered knowledge of Foxfire by Vehumet.
  5811 | D:6      | Reached skill level 7 in Fighting
  5813 | D:6      | Reached XP level 9. HP: 56/72 MP: 9/13
  5978 | D:6      | Reached skill level 5 in Dodging
  6113 | D:7      | Noticed Menkaure
  6710 | D:7      | Reached skill level 1 in Evocations
  7056 | D:7      | Learned a level 4 spell: Hailstorm
  7190 | D:7      | Killed Menkaure
  7190 | D:7      | Reached skill level 8 in Fighting
  8069 | D:7      | Noticed Maggie
  8087 | D:7      | Killed Maggie
  8444 | D:8      | Gained mutation: You have a pair of large horns on your
                  | head. [demonic ancestry]
  8444 | D:8      | Reached XP level 10. HP: 76/82 MP: 5/14
  8446 | D:8      | Reached ** piety under Vehumet
  8446 | D:8      | Offered knowledge of Sandblast by Vehumet.
  8540 | D:8      | Reached skill level 9 in Fighting
  8671 | D:8      | Reached skill level 1 in Conjurations
  9002 | D:8      | Offered knowledge of Conjure Flame by Vehumet.
  9602 | D:9      | Noticed Joseph
  9618 | D:9      | Killed Joseph
  9762 | D:9      | Noticed Erolcha
  9767 | D:9      | Cast into level 2 of the Abyss (Erolcha)
  9781 | Abyss:2  | Noticed a starcursed mass
  9788 | Abyss:2  | Noticed a wretched star
  9810 | D:9      | Escaped the Abyss
  9827 | D:9      | Killed Erolcha
 10472 | D:9      | Reached skill level 10 in Fighting
 10479 | D:9      | Reached skill level 5 in Spellcasting
 10483 | D:9      | Reached *** piety under Vehumet
 10546 | D:9      | Noticed a two-headed ogre
 10565 | D:9      | Killed a two-headed ogre
 10565 | D:9      | Gained mutation: You are mostly covered in large bone
                  | plates. (SH +6) [demonic ancestry]
 10565 | D:9      | Reached XP level 11. HP: 83/91 MP: 8/19
 10833 | D:9      | Noticed a two-headed ogre
 10841 | D:9      | Killed a two-headed ogre
 10841 | D:9      | Reached skill level 5 in Conjurations
 11150 | D:9      | You fall into a shaft and drop 2 floors!
 11311 | D:11     | Offered knowledge of Mephitic Cloud by Vehumet.
 12092 | D:11     | Found Guinevyo's Antique Weapon Shop.
 12171 | D:11     | Noticed a green ugly thing
 12185 | D:11     | Killed a green ugly thing
 12185 | D:11     | Reached skill level 11 in Fighting
 12768 | D:10     | Entered Level 10 of the Dungeon
 12784 | D:10     | Reached **** piety under Vehumet
 12804 | D:10     | Found a staircase to the Lair.
 12855 | D:10     | Noticed a two-headed ogre
 12865 | D:10     | Killed a two-headed ogre
 12925 | D:10     | Offered knowledge of Irradiate by Vehumet.
 12954 | D:10     | Learned a level 5 spell: Irradiate
 13240 | D:10     | Found a bloodstained altar of Trog.
 13501 | D:9      | Reached skill level 1 in Armour
 13501 | D:9      | Reached skill level 1 in Transmutations
 13510 | D:9      | Reached XP level 12. HP: 90/100 MP: 23/23
 14582 | Lair:1   | Entered Level 1 of the Lair of Beasts
 14951 | Lair:1   | Reached ***** piety under Vehumet
 15015 | Lair:1   | Offered knowledge of Iskenderun's Battlesphere by Vehumet.
 15158 | Lair:1   | Reached skill level 12 in Fighting
 15341 | Lair:1   | Found a shimmering altar of Xom.
 15885 | Lair:2   | Noticed Sonja
 15899 | Lair:2   | Killed Sonja
 16017 | Lair:2   | Found a staircase to the Snake Pit.
 16067 | Lair:2   | Found a dark tunnel.
 16082 | Volcano  | Entered a volcano
 17051 | Volcano  | Reached skill level 5 in Transmutations
 17140 | Volcano  | Gained mutation: You are frail. (-10% HP) [potion of
                  | mutation]
 17140 | Volcano  | Gained mutation: You can translocate small distances at
                  | will. [potion of mutation]
 17140 | Volcano  | Gained mutation: Armour fits poorly on your strangely
                  | shaped body. [potion of mutation]
 17140 | Volcano  | Gained mutation: Your natural rate of healing is unusually
                  | fast. [potion of mutation]
 17671 | Lair:2   | Noticed a seven-headed hydra
 17694 | Lair:2   | Killed a seven-headed hydra
 17886 | Lair:2   | Reached XP level 13. HP: 91/98 MP: 26/26
 17906 | Lair:2   | Lost mutation: Armour fits poorly on your strangely shaped
                  | body. [potion of mutation]
 17906 | Lair:2   | Lost mutation: Your natural rate of healing is unusually
                  | fast. [potion of mutation]
 17906 | Lair:2   | Lost mutation: You can translocate small distances at will.
                  | [potion of mutation]
 17906 | Lair:2   | Gained mutation: You evolve. [potion of mutation]
 17906 | Lair:2   | Gained mutation: You have large cloven feet. [potion of
                  | mutation]
 18416 | Lair:2   | Found a staircase to the Swamp.
 19173 | Lair:3   | Reached skill level 13 in Fighting
 20799 | Lair:4   | Reached skill level 10 in Spellcasting
 21382 | Lair:4   | Gained mutation: You are very frail. (-20% HP) [mutagenic
                  | glow]
 21383 | Lair:4   | Offered knowledge of Iskenderun's Mystic Blast by Vehumet.
 23532 | Lair:5   | Found a viscous altar of Jiyva.
 23532 | Lair:5   | Found a staircase to the Slime Pits.
 23606 | Lair:5   | Gained mutation: You are agile. (Dex +2) [evolution]
 23980 | Lair:6   | Entered Level 6 of the Lair of Beasts
 24482 | Lair:6   | Found a runed translucent door.
 24485 | Lair:6   | Noticed Rastanax's ghost (journeyman MiFi)
 24741 | Lair:6   | Reached skill level 14 in Fighting
 24775 | Lair:6   | Gained mutation: You resist negative energy. (rN+) [demonic
                  | ancestry]
 24775 | Lair:6   | Reached XP level 14. HP: 37/96 MP: 11/29
 25809 | Lair:6   | Offered knowledge of Starburst by Vehumet.
 25826 | Lair:6   | Learned a level 6 spell: Starburst
 26003 | Lair:6   | Reached skill level 10 in Dodging
 26365 | Lair:6   | Paralysed by a hornet for 2 turns
 26905 | Lair:6   | Killed Rastanax's ghost
 26905 | Lair:6   | Reached skill level 1 in Fire Magic
 27031 | D:11     | Learned a level 5 spell: Bolt of Magma
 27112 | D:11     | Found a staircase to the Orcish Mines.
 27385 | Orc:1    | Entered Level 1 of the Orcish Mines
 27410 | Orc:1    | Noticed Harold
 27425 | Orc:1    | Killed Harold
 27773 | Orc:1    | Found a roughly hewn altar of Beogh.
 27970 | Orc:1    | Reached skill level 1 in Earth Magic
 28431 | Orc:2    | Entered Level 2 of the Orcish Mines
 28617 | Orc:2    | Found Riafecup's Assorted Antiques.
 28633 | Orc:2    | Offered knowledge of Ozocubu's Refrigeration by Vehumet.
 29518 | Orc:2    | Found Eluk's Food Shop.
 29526 | Orc:2    | Found Jiunesin's Antique Weapon Shoppe.
 29531 | Orc:2    | Bought a glowing double sword for 594 gold pieces
 29531 | Orc:2    | Bought a runed buckler for 247 gold pieces
 29546 | Orc:2    | Found Izinnepy's Antique Weapon Boutique.
 29555 | Orc:2    | Bought a glimmering falchion for 208 gold pieces
 29555 | Orc:2    | Identified the +8 falchion of Bokaulobb {flame, rElec} (You
                  | bought it in a shop on level 2 of the Orcish Mines)
 29601 | Orc:2    | Found a shimmering altar of Xom.
 29626 | Orc:2    | Found a staircase to the Elven Halls.
 29737 | Orc:2    | Paralysed by an ogre mage for 5 turns
 29742 | Orc:2    | Reached skill level 15 in Fighting
 29742 | Orc:2    | Reached skill level 1 in Long Blades
 30235 | Orc:2    | Bought a scroll labeled KAOV ULUDIDD for 33 gold pieces
 30235 | Orc:2    | Bought a potion of invisibility for 264 gold pieces
 30235 | Orc:2    | Bought a scroll of teleportation for 99 gold pieces
 30235 | Orc:2    | Bought a scroll of magic mapping for 115 gold pieces
 30315 | D:12     | Noticed Urug
 30317 | D:12     | Noticed Jorgrun
 30322 | D:12     | Killed Urug
 30354 | D:12     | Noticed Gastronok
 30381 | D:12     | Killed Jorgrun
 30381 | D:12     | Reached skill level 5 in Fire Magic
 30650 | D:12     | Reached XP level 15. HP: 97/103 MP: 27/30
 30784 | D:12     | Noticed Fannar
 30800 | D:12     | Killed Fannar
 30800 | D:12     | Reached skill level 5 in Earth Magic
 31130 | D:12     | Killed Gastronok
 32169 | D:13     | Noticed Maurice
 32183 | D:13     | Killed Maurice
 32338 | D:13     | Noticed Frances
 32348 | D:13     | Killed Frances
 32512 | D:13     | Lost mutation: You are very frail. (-20% HP) [evolution]
 32869 | D:13     | Found Epuown's Book Shop.
 33808 | D:14     | Found a runed translucent door.
 33809 | D:14     | Noticed a fire giant
 34151 | D:14     | Noticed a fire giant
 34280 | D:14     | Killed a fire giant
 34280 | D:14     | Reached skill level 5 in Long Blades
 34281 | D:14     | Killed a fire giant
 34340 | D:14     | Identified a scroll of acquirement
 34342 | D:14     | Got the amulet "Hicosem" {Reflect Str+4 Int+2 SH+5}
 35248 | D:14     | Found a gate to the Vaults.
 35551 | D:14     | Offered knowledge of Freezing Cloud by Vehumet.
 36042 | D:15     | Entered Level 15 of the Dungeon
 36355 | D:15     | Gained mutation: You have an increased reservoir of magic.
                  | (+10% MP) [evolution]
 36528 | D:15     | Reached skill level 5 in Shields
 36946 | D:15     | Reached XP level 16. HP: 122/122 MP: 34/34
 37507 | D:15     | Found a sparkling altar of Nemelex Xobeh.
 37876 | D:15     | Found a staircase to the Depths.
 38355 | Swamp:1  | Entered Level 1 of the Swamp
 38782 | Swamp:1  | You fall into a shaft and drop 1 floor!
 38783 | Swamp:2  | Noticed a thorn hunter
 38790 | Swamp:2  | Killed a thorn hunter
 38797 | Swamp:2  | Noticed a thorn hunter
 38804 | Swamp:2  | Offered knowledge of Conjure Ball Lightning by Vehumet.
 38804 | Swamp:2  | Killed a thorn hunter
 38832 | Swamp:2  | Noticed a thorn hunter
 38837 | Swamp:2  | HP: 1/122 [alligator (15)]
 38837 | Swamp:2  | Mangled by an alligator

Illustrated notes

Levels and vault maps discovered:
D:1:      ebering_trefoil_twist, layout_loops_ring
D:2:      layout_basic, minitemple, nemelex_altar_shiori
D:3:      layout_basic, dk_yredelemnul_ordeal
D:4:      layout_basic, zin_purify, first_ration, uniq_pikel, uniq_natasha,
          uniq_sigmund
D:5:      layout_basic, minmay_temple_entry_enclosed_plants, serial_glass,
          glass_columns_b, glass_columns_a, glass_columns_b, glass_columns_b,
          glass_columns_a, glass_columns_a, glass_columns_c, glass_columns_a,
          grunt_ministairs_13, hex_tiny, kennysheep_path_1,
          kennysheep_generic_room_8
D:6:      layout_basic
D:7:      layout_basic, uniq_maggie, uniq_menkaure
D:8:      layout_cave_pools, david_nohive_1
D:9:      layout_stronghold, uniq_joseph, uniq_erolcha
D:10:     layout_rooms, lair_entry_dummy, enter_bailey_8, trog_ov_bears_minmay
D:11:     layout_long_grid, hiddenorc1_lemuel, serial_shops, shop,
          minmay_quadrilaterals
D:12:     layout_loops_ring, roderic_roman_lattice, uniq_gastronok, uniq_fannar,
          uniq_urug, uniq_jorgrun
D:13:     layout_cave_pods, serial_shops, shop_statue, nrook_mini_backslash,
          uniq_maurice, uniq_frances
D:14:     layout_long_grid, erik_vaults_1, hangedman_decor_riveting, hex_medium,
          minmay_variable_closet, minmay_hidden_floor
D:15:     grunt_enter_depths_magical_seal, layout_basic, skrybe_limestone_x,
          nemelex_diamond_rough_becter
Temple:   nicolae_temple_elliptical
Lair:1:   layout_small_grid, basic_altar, serial_bayou_shore_b,
          grunt_megastairs_1
Lair:2:   beast_lair_carwin_large_2, layout_cave_pods, minmay_swamp_entry_wisps,
          minmay_snake_entry_six_corridors, enter_volcano_1, uniq_sonja
Lair:3:   layout_roguey
Lair:4:   wander_river, layout_regular_city, infiniplex_staircase_pool
Lair:5:   layout_misc_corridors, dpeg_slime_entry_enclosed_altar,
          chequers_serial_rivers_room_a, wad_woods_road_04
Lair:6:   minmay_lair_end_enchanted_forest, layout_layer_cave,
          hellmonk_ghost_happy_afterlife, minivault_19, serial_bayou_shore_a
Swamp:1:  layout_basic_swamp, serial_swamp_ruin, hangedman_swamp_ruin_hall,
          hangedman_swamp_ruin_wall, infiniplex_staircase_pool_2, uniq_kirke
Swamp:2:  layout_falls_marsh, nicolae_swamp_treefoil, swamp_pool5
Orc:1:    nicolae_orc_accident_3, layout_caves, bh_open_orc_temple, uniq_harold
Orc:2:    st_orc_open, layout_caves, basic_altar, nicolae_orc_flooded_monolith

Skill      XL: |  1  2  3  4  5  6  7  8  9 10 11 12 13 14 15 16 |
---------------+-------------------------------------------------+-----
Fighting       | 1 2 4 5 7 8 10 11 12 14 15 | 15.0
Ice Magic      | 4 5 6 |  6.0
Shields        | 1 3 4 5 7 |  7.5
Spellcasting   | 3 5 7 9 11 | 11.2
Dodging        | 2 4 6 7 9 10 11 | 11.0
Maces & Flails | 2 |  2.0
Evocations     | 4 |  4.0
Conjurations   | 4 7 8 |  8.0
Armour         | 1 2 |  2.0
Transmutations | 1 5 |  5.0
Fire Magic     | 5 7 |  7.0
Earth Magic    | 4 6 |  6.0
Long Blades    | 2 7 9 |  9.0
Stealth        | |  1.7

Action                   |  1- 3 |  4- 6 |  7- 9 | 10-12 | 13-15 | 16-18 || total
-------------------------+-------+-------+-------+-------+-------+-------++-------
Melee: Unarmed           |     6 |       |       |       |       |       ||     6
       Dagger            |    30 |       |       |       |       |       ||    30
       Flail             |     3 |    28 |   313 |   741 |    62 |       ||  1147
       Headbutt          |       |       |    48 |   131 |   213 |    34 ||   426
       Mace              |       |       |       |       |   662 |       ||   662
       Falchion          |       |       |       |       |   369 |   140 ||   509
 Cast: Freeze            |    37 |     8 |       |       |    12 |       ||    57
       Frozen Ramparts   |     1 |     5 |    32 |    72 |   130 |     5 ||   245
       Ozocubu's Armour  |       |       |     3 |     5 |     5 |     2 ||    15
       Hailstorm         |       |       |       |     7 |    46 |     3 ||    56
       Irradiate         |       |       |       |     8 |    26 |     8 ||    42
       Bolt of Magma     |       |       |       |       |    78 |    16 ||    94
       Starburst         |       |       |       |       |     3 |     7 ||    10
Evoke: Wand              |       |       |     1 |    28 |    18 |       ||    47
  Use: Scroll            |       |       |     6 |    10 |    16 |     1 ||    33
       Potion            |       |       |       |    11 |     8 |     6 ||    25
 Stab: Sleeping          |     7 |     4 |    19 |    17 |    23 |     3 ||    73
       Distracted        |       |       |       |     1 |     1 |       ||     2
       Invisible         |       |       |       |     3 |       |       ||     3
  Eat: Chunk             |     4 |     2 |    14 |    24 |    54 |     1 ||    99
       Ration            |       |     1 |     1 |     4 |     7 |     3 ||    16
Armor: Robe              |     9 |       |       |       |       |       ||     9
       Leather armour    |    18 |    10 |    43 |    19 |   176 |    11 ||   277
       Steam dragon scal |       |       |     5 |    93 |       |       ||    98
Dodge: Dodged            |    55 |    22 |   221 |   604 |   992 |    88 ||  1982
Block: Buckler           |     4 |       |   118 |   496 |   886 |   113 ||  1617
       Other             |       |       |     3 |       |       |       ||     3
       Reflection        |       |       |       |       |    15 |     3 ||    18
       Rpst.: Falchion   |       |       |       |       |    58 |    10 ||    68
